 Dungeon Crawl Stone Soup version 0.21.1-1-g345015f (webtiles) character file.

17 inc the Vexing (level 2, 0/11 HPs)
             Began as a Felid Enchanter on Mar 16, 2018.
             Slain by a hound (2 damage)
             ... on level 2 of the Dungeon.
             The game lasted 00:01:33 (1227 turns).

inc the Vexing (Felid Enchanter)                    Turns: 1227, Time: 00:01:34

Health: 0/11       AC:  1    Str:  4    XL:     2   Next: 44%
Magic:  4/6        EV: 18    Int: 16    God:
Gold:   91         SH:  0    Dex: 16    Spells: 2/5 levels left
                                        Lives:  0   Deaths: 0

rFire    . . .     SeeInvis +     - Unarmed
rCold    . . .     Gourm    .   (shield unavailable)
rNeg     . . .     Faith    .   (armour unavailable)
rPois    .         Spirit   .   (helmet unavailable)
rElec    .         Reflect  .   (cloak unavailable)
rCorr    .         Harm     .   (gloves unavailable)
MR       .....                  (boots unavailable)
Stlth    +++.......             (no amulet)
HPRegen  0.03/turn              (no ring)
MPRegen  0.10/turn              (no ring)

@: quick
A: very small, no armour, no weapons or thrown items, stealth, claws 1, fangs 3,
see invisible, carnivore, speed 1, shaggy fur 1, slow metabolism 1, sharp paws
a: no special abilities


You were on level 2 of the Dungeon.
You were not hungry.

You visited 1 branch of the dungeon, and saw 2 of its levels.

You collected 91 gold pieces.

Inventory:

Jewellery
 c - a cursed ring of flight {unknown}
 g - an uncursed ring of protection from magic {unknown}
Scrolls
 f - a scroll of magic mapping {unknown}
Potions
 d - a potion of magic {unknown}
 e - a potion of resistance {unknown}
Books
 a - a book of Maledictions

   Spells                             Type                      Level
   a - Corona                         Hexes                        1
   b - Ensorcelled Hibernation        Hexes/Ice                    2
   c - Confuse                        Hexes                        3
   d - Tukima's Dance                 Hexes                        3
   e - Dazzling Spray                 Conjuration/Hexes            3
Comestibles
 b - 2 rations


   Skills:
 - Level 2.6 Dodging
 - Level 4.0 Stealth
 - Level 2.4 Unarmed Combat
 - Level 2.0 Spellcasting
 + Level 4.4 Hexes
 + Level 0.1 Ice Magic


You had 2 spell levels left.
You knew the following spells:

 Your Spells              Type           Power        Failure   Level  Hunger
a - Corona                Hex            ###....      3%          1    #......
b - Ensorcelled Hibernat  Hex/Ice        #.....       12%         2    ###....


Dungeon Overview and Level Annotations

Branches:
Dungeon (2/15)

Altars:


Innate Abilities, Weirdness & Mutations

You cannot wear armour.
You are incapable of wielding weapons or throwing items.
Your paws allow you to move quietly. (Stealth)
You have sharp claws.
You have razor-sharp teeth.
You have supernaturally acute eyesight. (SInv)
You are carnivorous and can eat meat at any time.
You cover ground quickly.
You are covered in fur. (AC +1)
You have a slow metabolism.
Your sharp claws are effective at attacking unaware monsters.


Message History

You scratch the hound. You bite the hound.
The hound is almost dead.
The hound bites you.
* * * LOW HITPOINT WARNING * * *
The hound misses you.
You scratch the hound but do no damage.
The hound is almost dead.
The hound misses you.
You closely miss the hound.
The hound is almost dead.
The hound bites you.
* * * LOW HITPOINT WARNING * * *
The hound closely misses you.
Casting: Corona
Confirm with . or Enter, or press ? or * to list all spells.
Aiming: Ensorcelled Hibernation
Press: ? - help, Shift-Dir - straight line, f - you, p - hound
Okay, then.
The hound bites you.
You die...

###.# #.....# #...# #.....#
#.### #....># #.# #.....#
#.# #.....# #.# ###.### #.#
#.# #.# #h########## #.#
#.@...##...## #.#
#####.#.###.## #.# #..##
##.##.w #.# #.#######.#.#
#.# #.# #.......# #.#
#.###.<.......g #.#
###..##.##.#####.
#.###############.......#.##
#.................#.##...#


You could see a hound.

Vanquished Creatures
  A dart slug (D:1)
  2 giant cockroaches (D:1)
  3 goblins (D:1)
  2 hobgoblins
  A bat (D:1)
  A frilled lizard (D:1)
  2 kobolds
  2 rats (D:1)
14 creatures vanquished.

Notes
Turn   | Place    | Note
-------+----------+-------------------------------------------
     0 | D:1      | inc the Felid Enchanter began the quest for the Orb.
     0 | D:1      | Reached XP level 1. HP: 7/7 MP: 4/4
   376 | D:1      | Reached XP level 2. HP: 11/11 MP: 6/6
   742 | D:1      | Learned a level 2 spell: Ensorcelled Hibernation
  1227 | D:2      | Slain by a hound

Skill      XL: |  1 |
---------------+----+-----
Unarmed Combat | 2 |  2.4
Dodging        | |  2.6
Stealth        | |  4.0
Spellcasting   | |  2.0
Hexes          | |  4.4
Ice Magic      | |  0.1

Action                   || total
-------------------------++-------
Melee: Unarmed           ||    26
       Bite              ||     1
 Cast: Corona            ||     3
       Ensorcelled Hiber ||     5
 Stab: Sleeping          ||     9
Dodge: Dodged            ||    19
